 Dungeon Crawl Stone Soup version 0.30-a0-292-g0f741e3f8e (webtiles) character file.

Game seed: 14988564241297003559

2261 Flugkiller the Fighter (level 9, 0/79 HPs)
             Began as a Demonspawn Gladiator on Oct 17, 2022.
             Was a Priest of Cheibriados.
             Killed from afar by a steam dragon (21 damage)
             ... with a ball of steam
             ... on level 7 of the Dungeon.
             The game lasted 00:03:52 (5961 turns).

Flugkiller the Fighter (Demonspawn Gladiator)       Turns: 5961, Time: 00:03:52

Health: 0/79       AC:  4    Str: 20    XL:     9   Next: 15%
Magic:  9/9        EV: 16    Int: 18    God:    Cheibriados [***...]
Gold:   350        SH:  5    Dex: 27    Spells: 8/8 levels left

rFire   . . .      SeeInvis .    u - +10 whip of the Tentacled God {vorpal, Dex+2}
rCold   . . .      Faith    .    E - +0 buckler
rNeg    . . .      Spirit   .    b - +0 leather armour
rPois   .          Reflect  .    c - +0 helmet
rElec   .          Harm     .    (no cloak)
rCorr   .          Rampage  .    (no gloves)
Will    .....                    (no boots)
Stlth   ++........               (no amulet)
HPRegen 0.33/turn                (no ring)
MPRegen 0.11/turn                (no ring)

@: very slow
A: demonic guardian 2, foul stench 1, big brain 1
a: Renounce Religion, Bend Time, Temporal Distortion


You were on level 7 of the Dungeon.
You worshipped Cheibriados.
Cheibriados was most pleased with you.
You visited 2 branches of the dungeon, and saw 8 of its levels.

You collected 350 gold pieces.

Inventory:

Hand Weapons
 a - a +0 rapier
 u - the +10 whip of the Tentacled God (weapon) {vorpal, Dex+2}
   (You found it on level 2 of the Dungeon)

   It inflicts extra damage upon your enemies.
   Dex:       It affects your dexterity (+2).
 F - a +5 great sword of freezing
   (You took it off a wight on level 6 of the Dungeon)
Missiles
 d - 6 throwing nets (quivered)
 e - a javelin
Armour
 b - a +0 leather armour (worn)
 c - a +0 helmet (worn)
 E - a +0 buckler (worn)
   (You found it on level 5 of the Dungeon)
Jewellery
 l - a ring of positive energy
   (You found it on level 1 of the Dungeon)
 o - a ring of poison resistance
   (You found it on level 7 of the Dungeon)
 D - a ring of fire
   (You found it on level 5 of the Dungeon)
Wands
 t - a wand of iceblast (6)
   (You found it on level 2 of the Dungeon)
 C - a wand of charming (15)
   (You found it on level 4 of the Dungeon)
 G - a wand of mindburst (19)
   (You found it on level 5 of the Dungeon)
Scrolls
 i - 3 scrolls of vulnerability
 k - a scroll of brand weapon
 m - a scroll of immolation
 q - a scroll of torment {unknown}
 r - a scroll of summoning
 v - a scroll of amnesia {unknown}
 x - a scroll of teleportation {unknown}
 y - a scroll of enchant weapon {unknown}
 z - a scroll of blinking
 A - 3 scrolls of fear
 H - a scroll of enchant armour
Potions
 f - a potion of magic {unknown}
 g - a potion of mutation {unknown}
 h - a potion of lignification {unknown}
 j - 4 potions of attraction {unknown}
 n - 4 potions of curing {unknown}
 p - a potion of flight {unknown}
 s - 2 potions of brilliance {unknown}
 w - a potion of heal wounds
 B - 3 potions of invisibility {unknown}


   Skills:
 - Level 10.4 Fighting
 - Level 4.6 Short Blades
 - Level 1.7 Throwing
 + Level 5.6 Dodging


You had 8 spell levels left.
You didn't know any spells.
Your spell library contained the following spells:

 Spells                   Type           Power      Damage    Failure   Level
 Magic Dart               Conj           0%         1d3       34%         1
 Call Imp                 Summ           0%         N/A       47%         2
 Cigotuvi's Dreadful Rot  Necr/Pois/Air  0%         N/A       47%         2
 Poisonous Vapours        Pois/Air       0%         N/A       47%         2
 Call Canine Familiar     Summ           0%         N/A       71%         3
 Mephitic Cloud           Conj/Pois/Air  0%         N/A       71%         3
 Portal Projectile        Hex/Tloc       0%         N/A       71%         3
 Leda's Liquefaction      Hex/Erth       0%         N/A       98%         4
 Petrify                  Tmut/Erth      0%         N/A       98%         4
 Metabolic Englaciation   Hex/Ice        0%         N/A       100%        5
 Statue Form              Tmut/Erth      0%         N/A       100%        6


Dungeon Overview and Level Annotations

Branches:
Dungeon (7/15) Zot: 40389  Temple (1/1) D:4 Zot: 8949

Altars:
Ashenzari
Cheibriados
Dithmenos
Fedhas
Gozag
Hepliaklqana
Kikubaaqudgha
Makhleb
Nemelex Xobeh
Qazlal
Trog
Uskayaw
Vehumet
Wu Jian
Xom

Annotations:
Temple 2 transporters


Innate Abilities, Weirdness & Mutations

A demonic guardian rushes to your aid.
You may rarely emit foul miasma when damaged in melee.
You have an unusually large brain. (Int +2)


Message History

Done exploring.
No target in view!
(D) Dungeon (T) Temple
Where to? (Enter - D:6, ? - help)
There is a stone staircase leading down here.
You climb downwards.
You hear the roar of battle.
There is an entrance to a bailey on this level.
Hurry and find it before the portal closes forever!
Found 12 gold pieces.
There is a stone staircase leading up here.
You now have 350 gold pieces (gained 12).
Found a stone staircase leading down.
Found a stone staircase leading up.
A - 3 scrolls of fear (gained 1)
You hear the faint creaking of a portcullis nearby.
o - a ring of poison resistance;
H - a scroll of enchant armour No target in view!
No target in view!
No target in view!
No target in view!
No target in view!
Found a stone staircase leading down.
An orc priest comes into view. It is wielding a +0 short sword.
An orc priest is nearby!
An orc wizard comes into view. It is wielding a +0 dagger.
You whack the orc priest!
The orc priest is severely wounded.
The orc wizard shouts!
The orc priest invokes the aid of Beogh against you.
Beogh smites you!
You hear an angry hiss.
You hit the orc priest.
The orc priest is almost dead.
The orc priest misses you.
You barely miss the orc priest.
The orc priest is almost dead.
The orc priest barely misses you.
An orc comes into view. It is wielding a +0 flail.
A steam dragon comes into view.
You whack the orc priest!
You kill the orc priest!
Cheibriados appreciates the change of pace.
An orc comes into view. It is wielding a +0 club.
You block the orc wizard's attack.
The orc wizard hits you but does no damage.
The steam dragon breathes steam at you.
The ball of steam hits the orc!
The orc dies!
The ball of steam hits you!!
You are too injured to fight recklessly!
You are too injured to fight recklessly!
You hear the faint creaking of a portcullis nearby.
You are engulfed in a cloud of scalding steam.
The orc wizard misses you. The orc closely misses you.
There is a stone staircase leading down here.
You see here a +0 short sword.
You are too injured to fight recklessly!
You hit the orc wizard.
The orc wizard is moderately wounded.
The orc hits you but does no damage. The orc wizard barely misses you.
You whack the orc!
You kill the orc!
Cheibriados thoroughly appreciates the change of pace.
The orc wizard casts a spell at you.
You easily resist.
The steam dragon breathes steam at you. The ball of steam misses you.
The orc wizard casts a spell at you.
You easily resist.
You feel much better.
You are engulfed in a cloud of scalding steam.
The orc wizard is engulfed in a cloud of scalding steam.
The orc wizard dies!
You hit the steam dragon.
The steam dragon is moderately wounded.
You are engulfed in a cloud of scalding steam.
The steam dragon misses you. The steam dragon closely misses you.
You hit the steam dragon.
The steam dragon is heavily wounded.
You are engulfed in a cloud of scalding steam.
The steam dragon barely misses you.
The steam dragon claws you but does no damage.
You hit the steam dragon.
The steam dragon is severely wounded.
You are engulfed in a cloud of scalding steam.
The steam dragon breathes steam at you. The ball of steam hits you.
* * * LOW HITPOINT WARNING * * *
You hit the steam dragon but do no damage.
The steam dragon is severely wounded.
The steam dragon closely misses you. The steam dragon barely misses you.
You closely miss the steam dragon.
The steam dragon is severely wounded.
The steam dragon barely misses you. The steam dragon misses you.
You hit the steam dragon.
The steam dragon is almost dead.
A bullfrog comes into view.
The steam dragon breathes steam at you. The ball of steam hits you!!
You die...

..... #...#####.#
.#...### ###.### #.#
.. #...###...### #.#
..####.......##. #.#
....#........##. #.#
.............##. #.#
##.....##....#.. #.#
##.##.........))## #.#
##..##.#..##..#D@###.#
..#.##....###.<.)....#
#.....>....##.##.#####
####......... #.#
......F. #.# ##..###
... ...# #.# ..# ...
#.


You could see a steam dragon (catching breath) and a bullfrog.

Vanquished Creatures
  2 water moccasins
  An ice beast (D:5)
  A sky beast (D:6)
  A black bear (D:5)
  2 ogres
  A centaur (D:6)
  A phantom (D:4)
  A scorpion (D:4)
  4 wights (D:6)
  2 gnoll boudas (D:5)
  3 orc priests
  5 hounds
  2 jellies (D:5)
  4 iguanas (D:5)
  2 orc wizards
  13 gnolls
  8 adders
  2 shadow imps (D:6)
  3 worms
  A dart slug (D:4)
  10 orcs
  3 ball pythons (D:1)
  3 bats
  5 endoplasms
  3 giant cockroaches
  15 goblins
  11 hobgoblins
  2 quokkas
  3 frilled lizards
  4 kobolds
  6 rats
124 creatures vanquished.

Vanquished Creatures (collateral kills)
  A sky beast (D:5)
  An ogre (D:4)
  Blork the orc (D:5)
  Robin (D:2)
  6 gnolls
  An adder (D:5)
  An ufetubus (D:6)
  A worm (D:2)
  8 orcs
  2 endoplasms
  A giant cockroach (D:3)
  A goblin (D:2)
  A bat (D:2)
26 creatures vanquished.

Vanquished Creatures (others)
  An orc wizard (D:7)
  An orc (D:7)
  A plant (D:5)
3 creatures vanquished.

Grand Total: 153 creatures vanquished

Notes
Turn   | Place    | Note
-------+----------+-------------------------------------------
     0 | D:1      | Flugkiller the Demonspawn Gladiator began the quest for the
                  | Orb.
     0 | D:1      | Reached XP level 1. HP: 16/16 MP: 1/1
   103 | D:1      | Found a faded altar of an unknown god.
   223 | D:1      | Gained mutation: A weak demonic guardian rushes to your
                  | aid. [demonic ancestry]
   223 | D:1      | Reached XP level 2. HP: 22/22 MP: 2/2
   966 | D:2      | Gained mutation: A demonic guardian rushes to your aid.
                  | [demonic ancestry]
   966 | D:2      | Reached XP level 3. HP: 27/27 MP: 3/3
  1246 | D:2      | Noticed Robin
  1273 | D:2      | Killed Robin
  1522 | D:2      | Reached XP level 4. HP: 30/33 MP: 4/4
  1531 | D:2      | Identified the +10 whip of the Tentacled God {vorpal,
                  | Dex+2}
  2058 | D:3      | Reached skill level 3 in Fighting
  2200 | D:3      | Gained mutation: You have an unusually large brain. (Int
                  | +2) [demonic ancestry]
  2200 | D:3      | Reached XP level 5. HP: 41/41 MP: 5/5
  2293 | D:4      | Reached skill level 4 in Fighting
  2423 | D:4      | Found a staircase to the Ecumenical Temple.
  2430 | Temple   | Entered the Ecumenical Temple
  2430 | Temple   | Found a transporter.
  2430 | Temple   | Found a transporter.
  2432 | Temple   | Found a transporter.
  2432 | Temple   | Found a transporter.
  2450 | Temple   | Became a worshipper of Cheibriados the Contemplative
  2473 | D:4      | Noticed an ogre
  2477 | D:4      | Killed an ogre
  2478 | D:4      | Reached skill level 5 in Fighting
  2478 | D:4      | Reached XP level 6. HP: 51/51 MP: 6/6
  2811 | D:4      | Reached skill level 6 in Fighting
  3310 | D:4      | Reached XP level 7. HP: 42/59 MP: 7/7
  3337 | D:4      | Reached * piety under Cheibriados
  3489 | D:4      | Found a burning altar of Makhleb.
  3489 | D:4      | Noticed a cacodemon
  3710 | D:5      | Entered Level 5 of the Dungeon
  3720 | D:5      | Reached skill level 7 in Fighting
  3964 | D:5      | Reached skill level 8 in Fighting
  4090 | D:5      | Noticed Blork the orc
  4100 | D:5      | Killed Blork the orc
  4178 | D:5      | Reached XP level 8. HP: 51/69 MP: 8/8
  4368 | D:5      | Reached skill level 9 in Fighting
  4443 | D:5      | Reached ** piety under Cheibriados
  4628 | D:5      | Reached skill level 10 in Fighting
  4916 | D:5      | Found a broken altar of Ashenzari.
  4920 | D:5      | Saw a vision of the Shoals and the Snake Pit.
  4920 | D:5      | Noticed a merfolk siren
  4920 | D:5      | Noticed a wind drake
  4920 | D:5      | Noticed a harpy
  4920 | D:5      | Noticed a manticore
  4920 | D:5      | Noticed a snapping turtle
  4920 | D:5      | Noticed a naga sharpshooter
  4920 | D:5      | Noticed a shock serpent
  4921 | D:5      | Noticed a sea snake
  4921 | D:5      | Noticed a black mamba
  4921 | D:5      | Noticed a merfolk impaler
  4922 | D:5      | Noticed a cyclops
  4922 | D:5      | Noticed a black mamba
  4922 | D:5      | Noticed a sea snake
  4923 | D:5      | Noticed a shock serpent
  5202 | D:6      | Found a shimmering altar of Xom.
  5365 | D:6      | Found a hide-covered altar of Uskayaw.
  5370 | D:6      | Found a shadowy altar of Dithmenos.
  5375 | D:6      | Gained mutation: You may rarely emit foul miasma when
                  | damaged in melee. [demonic ancestry]
  5375 | D:6      | Reached XP level 9. HP: 72/79 MP: 9/9
  5458 | D:6      | Reached *** piety under Cheibriados
  5461 | D:6      | Reached skill level 5 in Dodging
  5961 | D:7      | Killed from afar by a steam dragon

Illustrated notes

Levels and vault maps discovered:
D:1:      sevenhm_arrival_forest_fort_small_4, layout_basic,
          nicolae_ecumenical_snake_handling
D:2:      layout_loops_corners, uniq_robin
D:3:      layout_rooms, minmay_misc_feat_columns
D:4:      layout_loops_ring, makhleb_altar_promises_db,
          minmay_temple_entry_gardened_gates
D:5:      layout_loops_cross, grunt_ashenzari_visionary
          [grunt_ashenzari_visionary_shoals, grunt_ashenzari_visionary_snake],
          serial_bayou, serial_bayou_ford_a, serial_bayou_pond_e,
          serial_bayou_pond_a, serial_bayou_shore_a, chequers_mini_garden,
          minmay_fractal_squares_gapless_5, uniq_blork_the_orc
D:6:      layout_basic, grunt_dithmenos_shadows, lemuel_crystal_altar,
          mainiacjoe_overflow_alcove_4
D:7:      layout_rooms, enter_bailey_3, serial_shops, shop, st_stairs_12,
          hex_medium
Temple:   hellmonk_temple_divided_pantheon

Skill      XL: |  1  2  3  4  5  6  7  8  9 |
---------------+----------------------------+-----
Short Blades   | 3 4 |  4.6
Fighting       | 3 5 6 8 10 | 10.4
Dodging        | 4 5 |  5.6
Throwing       | |  1.7

Action                   |  1- 3 |  4- 6 |  7- 9 || total
-------------------------+-------+-------+-------++-------
Melee: Rapier            |   110 |     6 |       ||   116
       Punch             |     3 |     3 |     2 ||     8
       Whip              |       |    76 |   179 ||   255
  Use: Scroll            |       |     6 |     2 ||     8
       Potion            |       |     2 |     1 ||     3
 Stab: Sleeping          |       |     2 |     4 ||     6
Armor: Leather armour    |    46 |    16 |    31 ||    93
Dodge: Dodged            |    92 |    48 |   118 ||   258
Block: Buckler           |       |       |     8 ||     8

Table legend: (Time is in decaauts)
 A = Elapsed time spent in this place.
 B = Non-inter-level travel time spent in this place.
 C = Inter-level travel time spent in this place.
 D = Time resting spent in this place.
 E = Time spent auto-exploring this place.
 F = Levels seen in this place.
 G = Mean time per level.
                   A        B        C        D        E       F      G
               +--------+--------+--------+--------+--------+-----+--------+
         Total |   6903 |   6659 |    244 |   1597 |   4036 |   8 |  862.9 |
       Dungeon |   6862 |   6618 |    244 |   1597 |   4031 |   7 |  980.3 |
        Temple |     40 |     40 |      0 |      0 |      5 |   1 |   40.0 |
               +--------+--------+--------+--------+--------+-----+--------+

Top non-repeatable levels by time:
     D:5: 1715 daAuts
     D:4: 1610 daAuts
     D:6: 1177 daAuts
     D:2: 967 daAuts
     D:1: 804 daAuts
     D:3: 476 daAuts
     D:7: 109 daAuts
  Temple: 40 daAuts
